[Event "44th Chess Olympiad Women 2022"]
[Site "Chennai"]
[Date "2022.07.30"]
[Round "2.33"]
[White "Roy, Ali"]
[Black "Argote Heredia, Valentina"]
[Result "0-1"]
[ECO "A07"]
[WhiteElo "1893"]
[BlackElo "2205"]
[Annotator "TA"]
[PlyCount "94"]
[EventDate "2022.07.29"]
[EventType "team-tourn"]
[EventCountry "IND"]
[SourceTitle "playchess.com"]
[Source "ChessBase"]
[SourceQuality "1"]
[WhiteTeam "Scotland"]
[BlackTeam "Colombia"]
[WhiteTeamCountry "SCO"]
[BlackTeamCountry "COL"]
[TimeControl "40/5400+30:1800+30"]

1. Nf3 d5 2. g3 g6 3. Bg2 Bg7 4. O-O e5 5. d3 Ne7 6. Nbd2 O-O 7. e4 Nbc6 8. Re1 d4 {[%emt 0:11:26] [#] A07: Réti Opening: New York and Capablanca Systems.} 9. h4 $146 ({Predecessor:} 9. a4 a5 10. Nc4 Be6 11. Bd2 h6 12. Rf1 g5 13. Kh1 Ng6 14. Ng1 Qd7 15. b3 Kh8 16. f3 {0-1 (57) Salgado Lopez,I (2644)-Saric,I (2669) Riadh 2017}) 9... Bg4 10. Nf1 h6 {[%emt 0:07:28] Black is slightly better.} 11. N1h2 Be6 12. Bd2 Qd7 13. Qe2 Rae8 14. c3 f5 15. cxd4 fxe4 16. dxe4 exd4 (16... Nxd4 $11 17. Nxd4 exd4) 17. Bf4 $14 Nc8 18. Qd2 Kh7 19. Bf1 Nd6 20. e5 Nc4 21. Qc2 b5 22. h5 Bf5 {[%emt 0:00:13] Active counter play!} 23. hxg6+ Kh8 ({Black should play} 23... Bxg6 $11 24. Bd3 Bxd3 25. Qxd3+ Kg8) 24. Bd3 {[%emt 0:02:59] And now Bxf5 would win.} Nb4 (24... N4xe5 $11 25. Nxe5 Nxe5 26. Bxe5 Rxe5) 25. Bxf5 $16 Rxf5 26. e6 (26. Qe4 $18) 26... Qd5 $1 $14 (26... Nxc2 $2 27. exd7 Rd8 28. Re8+ (28. Bxc7 Rxd7 29. Re8+ Rf8 $11) 28... Rf8 29. Rc1 $18 (29. Bxc7 Rxd7 30. Rxf8+ Bxf8 $11)) (26... Rxe6 27. Qxf5 Rxe1+ 28. Rxe1 $16) 27. Qe4 (27. Qb3 $5 a5 28. a3 $14 (28. Bxc7 d3 $17)) 27... d3 28. g4 (28. Rab1 $11 {keeps the balance.}) 28... Qxe4 {[%emt 0:04:13] Really sharp!} ({Black should try} 28... Rf6 $1 $17 29. e7 Qxe4 30. Rxe4 Nd5) 29. Rxe4 $15 Rd5 (29... Rf6 $15 30. a4 (30. Bxc7 $2 Rfxe6 31. Rxe6 Rxe6 $19) 30... Rexe6 31. Rxe6 Rxe6 32. axb5 Bxb2 33. Rxa7 Nd5 34. Bxh6 Rxg6 35. Ra8+ Kh7) 30. Nd2 {[%emt 0:07:03] [#]} (30. Bxc7 Bxb2 31. Rb1 Nxa2 32. Rxb2 (32. Rxc4 $2 bxc4 33. Rxb2 c3 $19) 32... Nxb2 33. Be5+ Rxe5 $1 34. Rxe5 Nc3 $17) (30. Nf1 $11 {remains equal.}) 30... Nc2 $1 $17 31. Rb1 Nd4 (31... Nxb2 $17 {Hoping for ...Na4.} 32. Bxc7 Nd4) 32. Nxc4 $15 bxc4 33. Bxc7 $2 ({Don't play} 33. Rbe1 Nc2 34. Rb1 Rd4 35. Rxd4 Nxd4 $17) (33. Bd2 $1 $11 {and White is okay.}) 33... Rxe6 $19 34. Rxe6 Nxe6 35. Bg3 d2 36. Rd1 Bxb2 37. Nf3 (37. Nf1 $142 c3 38. Ne3) 37... Ng5 {[%emt 0:01:12] Black is clearly winning.} 38. Nxd2 {[%emt 0:01:17] [#]} Rxd2 $1 {[%emt 0:00:07][%mdl 576] Remove Defender} 39. Rxd2 {[%emt 0:00:03][%mdl 4096] Endgame KRB-KBN} (39. Rf1 Bd4) 39... Nf3+ 40. Kf1 Nxd2+ 41. Ke2 Ne4 42. Bf4 Kg7 {[%emt 0:00:15] ...Nc3+ is the strong threat.} 43. Be3 a5 {[%emt 0:00:18][%cal Ba7a5,Ba5a4][%mdl 32] Strongly threatening ...Nc3+.} 44. f4 Kxg6 45. f5+ Kg7 {[%emt 0:00:41] Threatens to win with ...Nc3+.} 46. Kd1 Be5 47. Kc2 a4 {[%emt 0:01:50] What a bad dream for White.  Weighted Error Value: White=0.75/Black=0.34} 0-1

[Event "44th Chess Olympiad Women 2022"]
[Site "Chennai"]
[Date "2022.07.30"]
[Round "2.33"]
[White "Hughes, Rhian"]
[Black "Pachon, Adriana"]
[Result "0-1"]
[ECO "A10"]
[WhiteElo "1843"]
[BlackElo "2007"]
[Annotator "TA"]
[PlyCount "84"]
[EventDate "2022.07.29"]
[EventType "team-tourn"]
[EventCountry "IND"]
[SourceTitle "playchess.com"]
[Source "ChessBase"]
[SourceQuality "1"]
[WhiteTeam "Scotland"]
[BlackTeam "Colombia"]
[WhiteTeamCountry "SCO"]
[BlackTeamCountry "COL"]
[TimeControl "40/5400+30:1800+30"]

1. c4 b6 2. Nc3 Bb7 3. e4 e6 4. g3 f5 5. Bg2 Nf6 6. f3 {[%emt 0:03:58] A10: English Opening: Unusual Replies for Black.} fxe4 {[%emt 0:04:39] [#]} 7. Nxe4 $146 (7. fxe4 $11 e5 8. Nf3) ({Predecessor:} 7. fxe4 e5 8. Nf3 Nc6 9. O-O Bc5+ 10. Kh1 O-O 11. d3 Qe8 12. Nd5 Ng4 13. Qe2 {0-1 (27) Milinkovic,N (1940)-Pein,J (2218) Belgrade 2021}) 7... Nxe4 (7... Be7 $15) 8. fxe4 $11 {[%emt 0:00:11] The position is equal.} Qf6 9. Qf3 (9. d4 $11 {remains equal.}) 9... Nc6 (9... Qxf3 $17 10. Nxf3 Bxe4) 10. Qxf6 $1 $15 gxf6 11. Ne2 Ne5 12. O-O Nxc4 13. d3 Ne5 14. d4 Nc6 15. d5 ({White should play} 15. Be3) 15... Bc5+ 16. Kh1 Nd4 (16... Ne5 $17 {Strongly threatening ...Ba6.} 17. Nf4 Ba6) 17. Nc3 Ke7 (17... Rf8 $17) 18. e5 $1 $14 Ba6 19. Rxf6 Rag8 {[%emt 0:04:08] Inhibits Bg5.} 20. Ne4 ({White should try} 20. Bf4 $16) 20... Nc2 $11 {[%emt 0:03:28] [#]} 21. Nxc5 $1 bxc5 22. Rb1 Bd3 23. dxe6 Nd4 24. Ra1 {[%emt 0:07:01] Hoping for exd7.} Nxe6 25. Be3 Rf8 26. Rd1 c4 27. Rxf8 Rxf8 28. Bxa7 {[%emt 0:01:31] A strong pair of Bishops.} c6 $1 {[%emt 0:02:16] Black wants to play ...Ra8.} 29. Be3 Rf5 (29... Rb8 $5 ) 30. Bd2 Rxe5 31. Bc3 Rf5 (31... Re2 $11) 32. Re1 $14 Rf2 33. Bb4+ Kf7 34. Bc3 d5 35. Bh3 {[%emt 0:01:37] [#]} (35. Kg1 $11 {keeps the balance.} Rc2 36. Bh3) 35... Ng5 $1 $17 {[%emt 0:05:39] Black is more active.} 36. Bd4 $2 {[%emt 0:00:54][%mdl 8192] This costs White the game.} (36. Bg4 $17) 36... Nxh3 37. Bxf2 Be4+ {[%emt 0:00:09][%mdl 64] Zwischenzug} ({Inferior is} 37... Nxf2+ 38. Kg2 Ne4 39. a4 $19) 38. Rxe4 Nxf2+ (38... dxe4 $2 39. Be3 $18) 39. Kg2 Nxe4 {[%emt 0:00:05] KN-KP. Black is clearly winning.} 40. a4 Ke6 {[%emt 0:03:41] ( -> ...Kd6)} 41. Kf3 Nd2+ 42. Ke2 Nb3 {[%emt 0:00:06] Weighted Error Value: White=0.66/Black=0.27 (precise)} 0-1

[Event "44th Chess Olympiad Women 2022"]
[Site "Chennai"]
[Date "2022.07.30"]
[Round "2.34"]
[White "Agrest, Inna"]
[Black "Grishina, Alexandra"]
[Result "1-0"]
[ECO "B12"]
[WhiteElo "2217"]
[BlackElo "2012"]
[Annotator "TA"]
[PlyCount "101"]
[EventDate "2022.07.29"]
[EventType "team-tourn"]
[EventCountry "IND"]
[SourceTitle "playchess.com"]
[Source "ChessBase"]
[SourceQuality "1"]
[WhiteTeam "Sweden"]
[BlackTeam "Lebanon"]
[WhiteTeamCountry "SWE"]
[BlackTeamCountry "LBN"]
[TimeControl "40/5400+30:1800+30"]

1. e4 c6 2. d4 d5 3. f3 dxe4 4. fxe4 e5 5. Nf3 Be6 6. c3 Nd7 7. Bd3 {[%emt 0:02:52] B12: Caro-Kann: Advance Variation.} Bd6 8. O-O Ngf6 9. h3 {[%emt 0:06:51] White has an edge.} h6 10. Be3 {[%emt 0:02:02] [#]} O-O $146 ({Predecessor:} 10... Qe7 11. Nbd2 O-O 12. Qc2 Rfe8 13. Rae1 Bc7 14. a4 Rad8 15. Qb1 Nh5 16. Nc4 Ng3 {½-½ (77) Starostits,I-Hansen,T Zagan 1995}) 11. Nbd2 Bc7 12. Bc2 b5 13. Qe1 Re8 14. Qf2 Nh5 15. Rad1 Qe7 16. dxe5 Nxe5 17. Bc5 Nxf3+ 18. Nxf3 Bg3 19. Bxe7 (19. Qd4 {keeps more tension.} Qc7 20. e5 Nf4 21. Qe4) 19... Bxf2+ 20. Rxf2 Rxe7 21. Nd4 Bd7 22. Nb3 Nf6 23. Nc5 {[%emt 0:01:56][%cal Of2f6] And now Rxf6! would win.} Be8 $1 24. Rfd2 g6 25. a4 Re5 26. b4 a5 $1 ({Don't play} 26... bxa4 27. Rf1 (27. Bxa4 Nxe4 28. Nxe4 Rxe4 $11) 27... Nh7 28. Ra1 $16 (28. Nxa4 Rb8 $14) (28. Bxa4 Ng5 $16)) 27. Rd8 Ra7 28. axb5 cxb5 29. Nd3 (29. Rf1 $11 Kg7 30. Rd6 axb4 31. cxb4) 29... Rxe4 $17 30. bxa5 Re2 31. Nb4 {[%emt 0:01:09] Strongly threatening R1d6.} Rxa5 32. Bd3 {[%emt 0:00:48] [#]} Rb2 (32... Re6 $1 $17) 33. Rf1 $36 {[%emt 0:02:52][%mdl 2048] White fights for an advantage.} Kg7 {[%emt 0:00:32] [#]} 34. Rxf6 $1 {[%emt 0:01:03][%mdl 64] Remove Defender} Kxf6 35. Rxe8 Ra1+ 36. Kh2 Rd1 {[%emt 0:01:25] White leaves nothing to chance now.} (36... Kg7 $11 {remains equal.}) 37. Bxb5 $16 h5 38. h4 Rbb1 (38... Kg7 $16 39. Bc6 Rf1) 39. Bc6 Rbc1 40. Bf3 Rh1+ 41. Kg3 Kg7 42. Rc8 f5 $2 (42... Ra1 {is tougher.} 43. Rc7 Ra4) 43. Rc7+ Kf6 44. Nd5+ Ke5 45. Re7+ Kd6 46. Rg7 Ke5 47. Rxg6 Rcf1 $2 (47... Rhf1 48. Nf4 Rxf3+ 49. gxf3 Rg1+ 50. Kh2 Rf1 51. Nd3+ Kd5) 48. Nf4 $18 {[%emt 0:02:15][%cal Rf4d3] White is clearly winning.} Rxf3+ 49. gxf3 Rg1+ 50. Ng2 f4+ 51. Kf2 {[%emt 0:00:26] Weighted Error Value: White=0.15 (very precise) /Black=0.27 (precise)} 1-0

[Event "44th Chess Olympiad Women 2022"]
[Site "Chennai"]
[Date "2022.07.30"]
[Round "2.34"]
[White "Johansson, Viktoria"]
[Black "Darweeche, Roaa"]
[Result "1-0"]
[ECO "A56"]
[WhiteElo "2041"]
[BlackElo "1548"]
[Annotator "TA"]
[PlyCount "83"]
[EventDate "2022.07.29"]
[EventType "team-tourn"]
[EventCountry "IND"]
[SourceTitle "playchess.com"]
[Source "ChessBase"]
[SourceQuality "1"]
[WhiteTeam "Sweden"]
[BlackTeam "Lebanon"]
[WhiteTeamCountry "SWE"]
[BlackTeamCountry "LBN"]
[TimeControl "40/5400+30:1800+30"]

1. d4 Nf6 2. c4 c5 3. d5 e5 4. Nc3 d6 5. g3 Nbd7 6. Bg2 {[%emt 0:00:43] A56: Czech Benoni.} Be7 7. Nf3 {[%emt 0:05:55] has lost popularity (7.e4).} Nf8 (7... a6 $14) 8. O-O $16 {[%emt 0:02:14] White is better.} Ng6 9. Qc2 {[%emt 0:04:05] [#]} O-O $146 ({Predecessor:} 9... Bd7 10. Bg5 h6 11. Bxf6 Bxf6 12. Nd2 O-O 13. Be4 Ne7 14. Bh7+ Kh8 15. Nde4 Nc8 16. Nxf6 Qxf6 {½-½ (42) Ferry,J (1864)-Bricard,H (2126) Sainte Marie 2005}) 10. a3 b6 11. b4 h6 12. bxc5 bxc5 13. Rb1 Nh7 14. e4 Ng5 15. Nxg5 Bxg5 16. f4 (16. Bxg5 $14 hxg5 17. Rb2) 16... exf4 $11 17. gxf4 Be7 (17... Bf6 $11) 18. Ne2 {[%emt 0:04:06] White is more active.} ({White should try} 18. e5 $1 $16) 18... Bd7 19. Ng3 $36 {[%emt 0:02:22][%mdl 2048] White is more active.} Re8 20. Kh1 Nh4 {[%emt 0:06:50] [#]} (20... Bf6 $11 {remains equal.}) 21. Bb2 ({White should play} 21. e5 $1 $16) 21... Bf6 $1 $14 22. Nh5 (22. e5 $1 $14 {feels stronger.} dxe5 23. Nh5) 22... Bxb2 $4 {[%emt 0:13:21][%mdl 8192] Black is now going downhill.} (22... Bd4 $11) 23. Qxb2 $18 (23. Rxb2 Bg4 24. Ng3 Qf6 $11) 23... f6 24. Qf2 f5 $2 (24... Nxg2 25. Qxg2 Re7) 25. Qg3 {[%emt 0:05:40][%csl Gh5][%cal Rg3g7] [#]} Qe7 26. e5 Nxg2 27. Nf6+ ({And not} 27. Kxg2 dxe5 28. Rb7 exf4 29. Qxg7+ (29. Nxf4 Qe4+ 30. Kg1 Rad8 $15) 29... Qxg7+ $11) 27... Kh8 28. Nxe8 Rxe8 29. Kxg2 Ba4 30. Rf2 {[%emt 0:00:27][%cal Bf1f2,Bf2b2,Bb2b7][%mdl 32] Prevents Bc2.} Kh7 31. Rfb2 {[%emt 0:03:57] Hoping for Rb7.} dxe5 32. fxe5 Qxe5 33. Qxe5 Rxe5 {[%emt 0:00:05][%mdl 4096] Endgame KRR-KRB} 34. Kf2 {[%emt 0:03:41] Threatens to win with Rb7.} f4 $2 (34... Re4 35. Rb7 Kg6 36. Rg1+ (36. Rxa7 Rxc4 37. Rb6+ Kg5 $18) 36... Kf6) 35. Rb7 Bc2 36. Rg1 Bg6 37. d6 Re6 38. Rd1 {[%emt 0:01:02] Black must now prevent d7.} f3 39. Re7 Rf6 40. d7 a5 41. d8=Q a4 42. Rdd7 {[%emt 0:00:42] Weighted Error Value: White=0.19 (very precise) /Black=0.75} 1-0

[Event "44th Chess Olympiad Women 2022"]
[Site "Chennai"]
[Date "2022.07.30"]
[Round "2.34"]
[White "Bedrosian, Danielle"]
[Black "Cramling Bellon, Anna"]
[Result "0-1"]
[ECO "A01"]
[WhiteElo "1662"]
[BlackElo "2065"]
[Annotator "TA"]
[PlyCount "48"]
[EventDate "2022.07.29"]
[EventType "team-tourn"]
[EventCountry "IND"]
[SourceTitle "playchess.com"]
[Source "ChessBase"]
[SourceQuality "1"]
[WhiteTeam "Lebanon"]
[BlackTeam "Sweden"]
[WhiteTeamCountry "LBN"]
[BlackTeamCountry "SWE"]
[TimeControl "40/5400+30:1800+30"]

1. b3 d5 2. Bb2 Nf6 3. g3 c5 4. Bg2 Nc6 5. d3 e5 6. e3 {[%emt 0:00:46] A01: Nimzowitsch-Larsen Opening.} Be7 7. Nd2 Be6 8. Ne2 {[%emt 0:07:22] Black is slightly better.} d4 9. e4 Qd7 10. h3 O-O-O {[%emt 0:00:54] [#]} 11. f4 $146 ({Predecessor:} 11. a3 Kb8 12. Nc1 Qc7 13. Qe2 h5 14. Na2 Nd7 15. O-O-O g6 16. Kb1 Nb6 17. Nc1 {0-1 (39) Bedrossian,D (1676)-Muhssen,F (1898) Beirut 2019}) 11... exf4 {[%emt 0:00:31] Black is more active.} 12. Nxf4 Qc7 13. Nf3 {[%emt 0:09:56] [#]} ({Better is} 13. Qf3) 13... h6 $1 $17 14. Qd2 c4 15. bxc4 $2 {[%emt 0:04:16][%mdl 8192] This costs White the game.} (15. Qf2 $17 Qa5+ 16. Kf1) 15... Bb4 $19 {[%emt 0:02:40] Black is clearly winning.} 16. c3 dxc3 17. Bxc3 Nxe4 18. dxe4 Rxd2 19. Bxd2 Bxd2+ 20. Nxd2 g5 21. Nh5 Qa5 22. Nf6 Qc3 23. Rd1 Qxg3+ (23... Bxc4 $142 24. Rc1 Qxc1+ 25. Kf2 Qxd2+ 26. Kg1 Qd4+ 27. Kh2 Qxf6) 24. Kf1 Qf4+ {[%emt 0:00:06] Weighted Error Value: White=1.20/Black=0.56} 0-1

[Event "44th Chess Olympiad Women 2022"]
[Site "Chennai"]
[Date "2022.07.30"]
[Round "2.35"]
[White "Ryjanova, Julia"]
[Black "Zhang, Jasmine Haomo"]
[Result "1-0"]
[ECO "D37"]
[WhiteElo "2284"]
[BlackElo "1972"]
[Annotator "TA"]
[PlyCount "121"]
[EventDate "2022.07.29"]
[EventType "team-tourn"]
[EventCountry "IND"]
[SourceTitle "playchess.com"]
[Source "ChessBase"]
[SourceQuality "1"]
[WhiteTeam "Australia"]
[BlackTeam "New Zealand"]
[WhiteTeamCountry "AUS"]
[BlackTeamCountry "NZL"]
[TimeControl "40/5400+30:1800+30"]

1. d4 d5 2. c4 e6 3. Nc3 Be7 4. Nf3 Nf6 5. e3 O-O 6. Bd3 Nbd7 7. O-O dxc4 8. Bxc4 c5 9. Qe2 a6 10. a4 b6 {[%emt 0:04:44] D37: Queen's Gambit Declined: 5 Bf4.} 11. Rd1 Qc7 12. e4 cxd4 {[%emt 0:06:53] The position is equal.} 13. Nxd4 Ne5 {[%emt 0:06:34] [#]} 14. Ba2 $146 (14. Bf4 $5 ) ({Predecessor:} 14. Bf4 Bd6 15. Bb3 Re8 16. Ndb5 axb5 17. Nxb5 Ba6 18. Nxc7 Bxe2 19. Rxd6 Nd3 20. Nxa8 Rxa8 {1-0 (29) Tasan,M (2020)-Cil,H (1717) Antalya 2013}) 14... Nc6 (14... Neg4 $1 $15 15. g3 Bc5) 15. Nxc6 (15. e5 $5 Nxd4 16. Rxd4 $14) 15... Qxc6 16. Bg5 Bb7 17. Rac1 {[%emt 0:01:31][%cal Oc3d5] Hoping for Nd5!} Qe8 $1 18. Bf4 {[%emt 0:05:36] White is more active.} (18. e5 $14 Nd7 19. Bxe7 Qxe7 20. Rd6) 18... Nd7 19. Bd6 Nc5 20. b3 Rd8 21. Bxe7 Qxe7 22. b4 Nd7 23. Rb1 Rc8 24. Rdc1 Rc7 25. Qe3 Rfc8 26. f3 g6 27. h3 Qf6 28. Ne2 Rxc1+ 29. Rxc1 Qb2 30. Rxc8+ Bxc8 31. Qc3 (31. Qc1 $11 Qxc1+ 32. Nxc1) 31... Qxc3 (31... Qxe2 $17 32. Qxc8+ Nf8) 32. Nxc3 $17 {[%emt 0:00:04][%mdl 4096] Endgame KBN-KBN} Ne5 33. Bb1 Kf8 34. Kf2 Ke7 35. f4 Nc6 36. b5 axb5 37. axb5 Nb4 (37... Nb8 $11) 38. Ke3 $1 $16 f5 39. Kd4 {[%emt 0:00:33] Threatens to win with Kc4.} fxe4 40. Bxe4 {[%emt 0:00:15] Strongly threatening Kc4.} Kd6 41. g4 Bd7 42. Kc4 Nd5 43. Bxd5 exd5+ $11 {[%emt 0:00:00] KB-KN} 44. Kd4 ({Not} 44. Nxd5 $2 Be6 45. Kd4 Bxd5 $19) 44... h6 45. Nxd5 Bxb5 46. Nxb6 Bf1 47. h4 Bh3 ({Better is} 47... Be2 $1 $14) 48. Nc4+ $16 Ke6 $2 (48... Ke7 $16 {is more resistant.}) 49. Ne3 $1 $18 {[%emt 0:00:04] aiming for Ke4.} Bxg4 $2 (49... Kf6 $18 50. Kd5 Kg7) 50. Nxg4 {[%emt 0:00:09] KN-KPP} Kf5 {[%emt 0:00:00] [#]} 51. Ne5 $1 Kxf4 52. Nxg6+ {[%emt 0:00:07] KN-KP} Kf5 53. Ne5 Kf4 54. Kd5 {[%emt 0:00:18] Threatening mate with Ke6.} Kf5 $1 55. Kd6 {[%emt 0:00:21] Intending Kd5 and mate.} Kf6 $2 (55... h5 $11 56. Kd5 Kf6 57. Ke4 Ke6 58. Nd3 Kf6 59. Nf4 Kf7 60. Kf5 Kf8) 56. Nd3 {[%emt 0:02:58] White mates.} Kf5 {[%emt 0:01:30] [#]} 57. Ne1 $1 Kg4 58. Ng2 Kg3 {[%emt 0:02:21] [#]} 59. Ke5 $1 Kxg2 (59... Kg4 60. Kf6) 60. Kf5 Kf3 61. h5 {[%emt 0:00:54] Weighted Error Value: White=0.13 (very precise) /Black=0.53} 1-0

[Event "44th Chess Olympiad Women 2022"]
[Site "Chennai"]
[Date "2022.07.30"]
[Round "2.35"]
[White "Phan, Nguyen Mai Chi"]
[Black "Ning, Isabelle Yixuan"]
[Result "1-0"]
[ECO "E94"]
[WhiteElo "2139"]
[BlackElo "1853"]
[Annotator "TA"]
[PlyCount "109"]
[EventDate "2022.07.29"]
[EventType "team-tourn"]
[EventCountry "IND"]
[SourceTitle "playchess.com"]
[Source "ChessBase"]
[SourceQuality "1"]
[WhiteTeam "Australia"]
[BlackTeam "New Zealand"]
[WhiteTeamCountry "AUS"]
[BlackTeamCountry "NZL"]
[TimeControl "40/5400+30:1800+30"]

1. d4 Nf6 2. c4 g6 3. Nc3 Bg7 4. e4 d6 5. Nf3 O-O 6. Be2 Nbd7 7. O-O e5 8. d5 Nc5 9. Qc2 a5 10. Ne1 h6 {[%emt 0:09:57] E94: King's Indian: Classical: 6 Be2 e5 7 0-0: Various Black 7th moves.} 11. f3 (11. Be3 $14) 11... Nh7 (11... Nh5 $11) 12. Nd3 $14 b6 {[%emt 0:02:55] [#] White is slightly better.} 13. Rb1 $146 ({Predecessor:} 13. Be3 f5 14. Nxc5 bxc5 15. exf5 Bxf5 16. Bd3 Ng5 17. Ne4 Nxe4 18. Bxe4 Qh4 19. g3 {0-1 (41) Vizvari,L (1996)-Spacek,M (1818) Slovakia 2013}) 13... f5 14. a3 ({White should play} 14. Nxc5 $14 bxc5 15. exf5 Bxf5 16. Bd3 (16. Ne4 Qh4 $14)) 14... f4 (14... Nxd3 $11 15. Bxd3 (15. Qxd3 Qh4 $11) 15... f4) 15. b4 (15. Nxc5 $16 {And now Nd3 would win.} bxc5 16. Bd2) 15... Nxd3 16. Bxd3 g5 17. c5 axb4 18. axb4 (18. cxb6 $5 bxc3 19. b7 Bxb7 20. Rxb7 $14) 18... g4 19. fxg4 Bxg4 20. Nb5 f3 21. Be3 Ng5 22. cxd6 cxd6 23. Qd2 (23. h4 $11 {remains equal.} Nf7 24. g3 (24. gxf3 Bh3 $15)) 23... Bf6 (23... fxg2 $17 24. Rxf8+ Qxf8 25. Bxg5 hxg5 26. Qxg2 Qf4) 24. h4 $11 fxg2 25. Qxg2 Bh3 {[%emt 0:02:06] [#]} (25... Nh3+ $1 $11 {keeps the balance.} 26. Kh1 h5) 26. Qg3 $1 $16 {[%emt 0:01:45] White is much more active.} Bxf1 27. Rxf1 Kh7 28. hxg5 Rg8 $1 {[%emt 0:00:14][%cal Rf6g5] [#]} 29. Rf5 {[%emt 0:03:03] Qh4 is the strong threat.} (29. Rxf6 Qxf6 30. gxf6 Rxg3+ 31. Kf2 Rh3 $11) (29. Nxd6 $2 Qxd6 30. Kh1 (30. Rxf6 $2 Qxf6 31. gxf6 Rxg3+ $19) 30... Ra3 $17) 29... Ra1+ 30. Kf2 Be7 {[%emt 0:02:54][%mdl 8192] This costs Black the game.} (30... Bxg5 $16 31. Bxg5 (31. Rf7+ Rg7 $16) 31... Rxg5 32. Rxg5 hxg5) 31. Qh4 $2 (31. Rf7+ Kh8 32. g6) 31... Ra2+ 32. Kf3 Bxg5 (32... Rg6 $142 33. Be2 (33. Nc3 Ra3 $11) 33... Bxg5 34. Bxg5 Rxg5 35. Rxg5 Qxg5 36. Qxg5 hxg5) 33. Bxg5 $18 Rxg5 34. Rxg5 {[%emt 0:00:23][%cal Og5g7] Intending Rg7+! and mate.} Qf6+ 35. Ke3 Qxg5+ 36. Qxg5 hxg5 37. Nxd6 g4 (37... Kg7 $142 38. Nc4 Kf6 39. Nxb6 Ra7) 38. Nf5 Kg6 39. d6 {[%emt 0:00:18] White wants to mate with d7.} Kg5 40. d7 Ra8 41. Ba6 Rh8 42. Ne7 {[%emt 0:02:34] White mates.} Rh3+ 43. Kf2 Rh2+ 44. Kg1 Rh8 45. Nc6 Kf4 46. Bd3 Ke3 47. Bb1 Kd2 48. d8=Q+ Rxd8 49. Nxd8 Kc3 50. Nc6 Kc4 51. Nxe5+ Kxb4 52. Nxg4 Kc5 53. e5 Kc6 54. Kf2 Kd5 55. Ke2 {[%emt 0:00:25] Weighted Error Value: White=0.34/Black=0.48} 1-0

[Event "44th Chess Olympiad Women 2022"]
[Site "Chennai"]
[Date "2022.07.30"]
[Round "2.35"]
[White "Punsalan, Vyanla M"]
[Black "Richards, Heather S"]
[Result "1-0"]
[ECO "B07"]
[WhiteElo "1895"]
[BlackElo "2146"]
[Annotator "TA"]
[PlyCount "87"]
[EventDate "2022.07.29"]
[EventType "team-tourn"]
[EventCountry "IND"]
[SourceTitle "playchess.com"]
[Source "ChessBase"]
[SourceQuality "1"]
[WhiteTeam "New Zealand"]
[BlackTeam "Australia"]
[WhiteTeamCountry "NZL"]
[BlackTeamCountry "AUS"]
[TimeControl "40/5400+30:1800+30"]

1. e4 d6 2. d4 Nf6 3. Nd2 e5 4. dxe5 dxe5 5. Ngf3 Bc5 6. Bc4 Qe7 {[%emt 0:03:21] B07: Pirc Defence: Miscellaneous Systems.} 7. O-O Bg4 8. c3 O-O {[%emt 0:03:09] The position is equal.} 9. h3 Bh5 {[%emt 0:00:27] [#]} 10. Re1 $146 ({Predecessor:} 10. b4 Bb6 11. Bb2 Nbd7 12. Qe2 Rfd8 13. Bb3 c6 14. Nc4 Bc7 15. Bc2 Nf8 16. Kh2 {0-1 (42) Freire,M-Rocha,J Curitiba 1982}) 10... Nbd7 11. a4 a5 {[%emt 0:01:36] Prevents b4.} 12. Rb1 Rad8 13. Qc2 Kh8 14. Ba2 (14. Bf1 $11) 14... Bg6 15. Re2 Nh5 16. Nf1 {[%emt 0:02:08] Prevents Ng3.} h6 17. g4 Nf4 $1 18. Bxf4 exf4 19. Rbe1 Ne5 20. Nxe5 Qxe5 21. Kg2 h5 ({Much worse is} 21... f3+ $6 22. Kxf3 Qg5 23. Kg2 $11) ({Black should play} 21... Qf6 $1 $17 {Strongly threatening ...f3+.} 22. Nh2 Rfe8) 22. Nh2 $15 hxg4 23. hxg4 f3+ (23... Qg5 $15 {keeps the upper hand.} 24. Rh1 Kg8) 24. Nxf3 $16 Qf4 25. Rh1+ Kg8 $2 (25... Bh7 $16 {is a better defense.} 26. e5 Qxg4+ 27. Kf1 g6) 26. Rh4 $18 Rfe8 27. g5 {[%emt 0:02:50] Really sharp!} Qd6 28. Rd2 {[%emt 0:04:44] Against Qd1} Qb6 (28... Qe7 $142) 29. Rxd8 Rxd8 30. Qe2 Re8 31. Rf4 Qc6 32. e5 {[%emt 0:00:14] Against Bd6} Bd6 33. Kg1 $2 (33. Rc4 $1 $18 {[%cal Rc4c6] and the rest is easy.} Qb6 34. Qd2) 33... Qc5 $16 34. e6 Re7 $2 (34... Rxe6 $1 $11 35. Qxe6 fxe6 36. Bxe6+ Kh7 37. Rh4+ Bh5 $1 38. Rxh5+ Kg6 39. Bf7+ Kxf7 40. g6+ Kxg6 41. Rxc5 Bxc5) 35. exf7+ Bxf7 36. Bxf7+ Kf8 37. Re4 Kxf7 (37... Rxe4 $16 38. Qxe4 Kxf7 39. Qxb7 (39. g6+ Kf6 $14) 39... Qf5) 38. Rxe7+ $18 Bxe7 $16 {[%emt 0:00:05][%mdl 4096] Endgame [#] KQB-KQN} 39. Ne5+ $1 Ke8 40. g6 $2 ({Weaker is} 40. Qh5+ Kd8 41. Qh8+ Bf8 $18) (40. Qe4 $18 {And now Qg6+ would win.} Qd6 41. Qf5 Qd1+ 42. Kg2) 40... Kd8 (40... Qd5 $1 $14) 41. Qd3+ (41. Qe4 $18 {Hoping for Qf5.} Bd6 42. Nc4) 41... Kc8 $2 (41... Bd6 $16 42. Nc4 Ke7) 42. Qh3+ {[%emt 0:00:07] White mates.} Kb8 43. Nd7+ Ka7 44. Nxc5 {[%emt 0:00:00] Weighted Error Value: White=0.30/Black=0.59} 1-0